Map: Pillars of Gold LE

Players

Dnvrgosu

  • Race: Terran Terran
  • League: Bronze
  • Spawn Location: 7:00

ViBE - Winner!

  • Race: Protoss Protoss
  • League: Bronze
  • Spawn Location: 1:00

VOD

Have the link to the VOD?

Description

Time

  • Played on: April 6, 2021, 1:01 a.m.
  • Length: 12:39
Show
View Real Time Build Order
Export as new Build Order

Dnvrgosu Terran 

Build Orders:  

Get SALT Encoding   

  12  0:02  SCV  
  13  0:14  SCV  
  13  0:19  Supply Depot  
  14  0:26  SCV  
  15  0:41  SCV  
  16  0:43  Barracks  
  16  0:48  Refinery  
  16  0:53  SCV  
  17  1:05  SCV  
  18  1:17  SCV  
  19  1:29  SCV  
  19  1:32  Reaper  
  21  1:43  Orbital Command  
  21  1:55  Command Center  
  21  2:09  SCV  
  21  2:15  Supply Depot  
  22  2:18  Factory  
  23  2:22  SCV  
  23  2:34  Barracks Reactor  
  23  2:44  SCV  
  24  2:52  Bunker  
  24  2:56  Refinery, SCV  
  25  3:06  Factory Tech Lab  
  25  3:09  Orbital Command  
  25  3:18  Marine x2  
  25  3:19  Starport  
  27  3:24  SCV  
  28  3:36  SCV  
  29  3:42  Marine x2  
  29  3:43  Siege Tank  
  29  3:48  Supply Depot, SCV  
  35  3:58  SCV  
  35  4:00  SCV  
  35  4:01  Medivac  
  39  4:06  Command Center  
  39  4:12  SCV  
  39  4:13  SCV  
  41  4:23  Siege Tank  
  44  4:26  Marine x2  
  44  4:30  Barracks  
  46  4:31  Starport Tech Lab  
  46  4:34  SCV  
  46  4:35  SCV  
  48  4:46  Marine, SCV  
  48  4:47  Marine, SCV  
  52  4:53  Barracks  
  52  5:04  SCV x2  
  52  5:05  Refinery  
  54  5:14  Supply Depot  
  54  5:17  Raven  
  54  5:18  Marine x2, Engineering Bay  
  54  5:19  Barracks Tech Lab, Engineering Bay  
  58  5:22  SCV x2  
  58  5:25  Orbital Command  
  58  5:26  Refinery  
  58  5:27  Barracks Tech Lab  
  60  5:32  Siege Tank  
  63  5:36  SCV  
  63  5:37  SCV  
  63  5:41  Supply Depot  
  65  5:45  Terran Infantry Weapons Level 1  
  65  5:53  SCV x3  
  68  6:10  Marine x2  
  68  6:11  SCV x2  
  72  6:13  Starport Reactor  
  72  6:15  Combat Shield  
  72  6:16  Stimpack, Orbital Command, Factory Reactor  
  72  6:18  Marauder x2  
  76  6:28  Terran Infantry Armor Level 1  
  76  6:29  Marine x2  
  78  6:33  Supply Depot  
  78  6:39  Supply Depot, Marauder  
  82  6:40  Marauder  
  82  6:46  Armory  
  82  6:47  Marine x2, Supply Depot  
  84  7:06  Liberator  
  87  7:09  Liberator  
  87  7:11  Marauder  
  87  7:12  Marine  
  87  7:13  Marine  
  96  7:15  Marauder  
  96  7:19  Widow Mine x2  
  100  7:25  SCV x3  
  103  7:30  Barracks  
  103  7:34  Supply Depot  
  103  7:37  SCV  
  103  7:40  Marine x2, Barracks  
  103  7:41  Marauder  
  108  7:52  Refinery  
  108  7:53  SCV  
  108  7:55  Refinery, Medivac  
  108  7:56  SCV x2, Widow Mine, Marauder  
  108  7:57  Supply Depot  
  117  8:00  Medivac  
  117  8:03  Marauder  
  121  8:17  Marauder  
  122  8:25  Medivac  
  122  8:26  Supply Depot  
  124  8:28  Supply Depot x2, Widow Mine x2  
  124  8:29  Supply Depot, Barracks Tech Lab x2  
  124  8:30  Medivac  
  124  8:31  Terran Infantry Armor Level 2  
  124  8:33  SCV x2  
  124  8:34  SCV, Supply Depot  
  133  8:35  Supply Depot  
  133  8:47  SCV  
  123  9:16  Marine  
  123  9:17  Marine, Marauder x3  
  90  9:29  Widow Mine x2  
  90  9:30  Liberator x2  
  88  9:37  Marauder  
  87  9:38  Marauder x2  
  87  9:39  Marauder  
  87  9:42  Ghost Academy  
  87  9:46  SCV x3  
  87  9:50  Widow Mine x2  
  94  9:59  Marine x2  
  100  10:00  Marauder x3  
  100  10:02  Terran Infantry Weapons Level 2  
  100  10:06  Concussive Shells  
  102  10:09  Marauder  
  102  10:13  Viking x2  
  108  10:19  Marine x2  
  108  10:20  Widow Mine x2  
  118  10:21  Marauder x3  
  118  10:26  Terran Vehicle And Ship Armor Level 1  
  120  10:30  Ghost  
  120  10:34  SCV x3  
  125  10:42  Ghost  
  125  10:49  Viking x2  
  131  10:52  Personal Cloaking  
  131  10:56  Ghost x2  
  131  10:57  Marine x2  
  135  10:58  Widow Mine  
Show
View Real Time Build Order
Export as new Build Order

ViBE Protoss - Winner!

Build Orders: 1 Gate Expand, Archon Immortal 

Get SALT Encoding   

  12  0:00  Probe  
  13  0:12  Probe  
  14  0:18  Pylon  
  14  0:24  Probe  
  15  0:36  Probe  
  15  0:41  Gateway  
  16  0:48  Assimilator, Probe  
  17  1:01  Probe (Chrono Boost)  
  19  1:12  Probe (Chrono Boost)  
  19  1:17  Probe (Chrono Boost)  
  20  1:25  Nexus  
  20  1:28  Probe  
  21  1:38  Cybernetics Core  
  21  1:41  Probe  
  21  1:46  Assimilator  
  22  1:59  Pylon, Probe  
  23  2:17  Probe  
  23  2:20  Stalker (Chrono Boost)  
  24  2:23  Warp Gate  
  24  2:29  Pylon, Probe (Chrono Boost)  
  27  2:41  Probe (Chrono Boost)  
  27  2:43  Probe (Chrono Boost)  
  27  2:47  Probe (Chrono Boost)  
  27  2:50  Probe  
  28  2:56  Probe  
  29  3:02  Probe  
  29  3:04  Sentry  
  32  3:07  Robotics Facility  
  32  3:08  Gateway, Probe  
  33  3:14  Pylon, Probe (Chrono Boost)  
  34  3:20  Probe (Chrono Boost)  
  34  3:26  Probe (Chrono Boost)  
  36  3:30  Probe (Chrono Boost)  
  36  3:32  Probe (Chrono Boost)  
  38  3:34  Stalker  
  38  3:35  Probe (Chrono Boost)  
  38  3:40  Probe  
  42  3:46  Probe  
  43  3:52  Probe  
  44  3:58  Probe, Immortal  
  49  4:04  Probe  
  50  4:10  Probe  
  50  4:13  Pylon  
  50  4:16  Probe  
  52  4:21  Nexus  
  52  4:23  Pylon, Probe  
  53  4:27  Stalker  
  53  4:28  Probe  
  53  4:30  Stalker  
  58  4:35  Probe (Chrono Boost)  
  58  4:38  Observer  
  60  4:42  Assimilator x2  
  60  4:43  Probe (Chrono Boost)  
  61  4:47  Probe (Chrono Boost)  
  61  4:49  Pylon  
  61  4:52  Pylon  
  63  4:53  Probe (Chrono Boost)  
  63  4:55  Probe (Chrono Boost)  
  63  4:58  Stalker x2, Probe (Chrono Boost)  
  69  5:08  Immortal  
  69  5:11  Probe x2  
  75  5:23  Probe x2  
  75  5:26  Twilight Council  
  75  5:27  Forge  
  77  5:28  Forge  
  77  5:32  Stalker  
  77  5:33  Probe  
  77  5:35  Probe  
  81  5:36  Probe  
  81  5:40  Stalker  
  84  5:48  Probe x3  
  84  5:49  Charge  
  87  5:53  Pylon  
  91  5:57  Immortal  
  91  6:00  Probe x2  
  91  6:01  Probe  
  91  6:03  Protoss Ground Weapons Level 1 (Chrono Boost), Templar Archives  
  94  6:05  Protoss Ground Armor Level 1 (Chrono Boost)  
  94  6:07  Zealot x2  
  98  6:18  Probe x3  
  100  6:23  Assimilator x2  
  101  6:30  Probe x3  
  104  6:41  Nexus  
  104  6:42  Pylon  
  104  6:43  Zealot x2  
  104  6:44  Probe x3  
  111  6:52  Immortal  
  115  7:00  Gateway  
  115  7:01  Gateway  
  115  7:04  Gateway  
  115  7:06  Gateway, Probe x3  
  115  7:08  High Templar x2  
  122  7:19  Probe x3  
  125  7:29  Pylon  
  125  7:33  Pylon  
  125  7:40  Gateway  
  125  7:41  Gateway  
  125  7:45  Gateway  
  125  7:46  Assimilator x2  
  125  7:47  Protoss Ground Weapons Level 2 (Chrono Boost), Protoss Ground Armor Level 2 (Chrono Boost), Probe x3, Immortal  
  125  7:48  Gateway  
  132  7:51  High Templar x2  
  136  7:59  High Templar x2, Probe x3  
  136  8:02  Probe  
  144  8:16  Nexus  
  144  8:17  Pylon, Archon x3  
  144  8:19  Zealot x2  
  148  8:20  Pylon  
  148  8:37  Zealot x6  
  148  8:41  Pylon  
  160  8:44  Pylon  
  160  8:47  Pylon  
  160  9:01  Zealot x9  
  178  9:07  Nexus  
  178  9:08  Pylon  
  178  9:09  Probe x4  
  161  9:11  Pylon  
  161  9:16  Immortal  
  139  9:21  Probe x4  
  123  9:25  Robotics Facility  
  123  9:28  High Templar x8  
  123  9:29  High Templar  
  123  9:30  High Templar  
  135  9:33  Probe x2  
  135  9:34  Gateway  
  135  9:36  Gateway  
  137  9:55  Assimilator  
  137  9:56  Assimilator  
  137  9:58  Immortal  
  141  10:01  Zealot x6  
  141  10:02  Zealot x3  
  141  10:03  Zealot  
  141  10:05  Archon x2  
  141  10:06  Archon x2  
  141  10:07  Archon  
  161  10:12  Immortal  
  165  10:31  High Templar x7  
  165  10:35  High Templar, Zealot  
  181  10:36  Zealot x3  
  181  10:38  Archon x3  
  181  10:39  Archon  
  181  10:41  Immortal  
  193  10:51  Immortal  
  193  10:54  Probe  
  198  10:57  Zealot  
  200  11:28  Gateway  
  200  11:31  Gateway  
  190  11:33  Gateway  
  190  11:36  Gateway  
  190  11:37  Gateway  
  190  11:39  Gateway x2  
  190  11:40  Gateway  
  190  11:41  Gateway  
  190  11:44  Probe x5  
  190  11:45  Photon Cannon  
  187  11:48  Shield Battery, Photon Cannon  
  187  11:50  Photon Cannon  
  187  11:53  Photon Cannon x2  
  181  11:54  Shield Battery  
  181  11:56  Shield Battery, Photon Cannon, High Templar x12  
  181  12:00  Photon Cannon  
  197  12:02  Photon Cannon  
  197  12:03  Shield Battery  
  197  12:08  Archon x4  
  197  12:09  Archon x2  
  197  12:30  Zealot  
Tags
 
Add a new tag
Caveats
  • Supply blocks, unpowered buildings, or Contaminate may cause inaccurate times.
  • Supply counts are checked every 10 seconds.